 Dungeon Crawl Stone Soup version 0.30-a0-469-g84de5afbc5 (webtiles) character file.

Game seed: 16419147760133445141

302 cforsyth the Cudgeller (level 6, -3/54 HPs)
             Began as an Armataur Gladiator on Dec 19, 2022.
             Slain by a gnoll
             ... wielding a +0 flail
             ... led by a gnoll bouda
              (10 damage)
             ... on level 4 of the Dungeon.
             The game lasted 00:03:14 (2517 turns).

cforsyth the Cudgeller (Armataur Gladiator)         Turns: 2517, Time: 00:03:15

Health: -3/54      AC:  6    Str: 21    XL:     6   Next: 14%
Magic:  6/6        EV:  9    Int:  9    God:
Gold:   246        SH:  0    Dex: 11    Spells: 5/5 levels left

rFire   . . .      SeeInvis .    l - +3 spear of Eternal Vigilance {flame, rElec Stlth+}
rCold   . . .      Faith    .    (no shield)
rNeg    . . .      Spirit   .    r - +0 ring mail
rPois   .          Reflect  .    c - +0 helmet
rElec   +          Harm     .    (no cloak)
rCorr   .          Roll     +    (no gloves)
Will    .....                    (no barding)
Stlth   ++........               (no amulet)
HPRegen 0.29/turn                (no ring)
MPRegen 0.10/turn                (no ring)

@: no status effects
A: large, rugged brown scales 3, deformed body, armoured tail, roll, long
tongue, awkward tongue
a: no special abilities


You were on level 4 of the Dungeon.
You visited 1 branch of the dungeon, and saw 4 of its levels.

You collected 246 gold pieces.

Inventory:

Hand Weapons
 a - a +0 flail
 l - the +3 spear of Eternal Vigilance (weapon) {flame, rElec Stlth+}
   (You found it on level 2 of the Dungeon)

   It burns those it strikes, dealing additional fire damage.
   rElec:     It insulates you from electricity.
   Stlth:     It makes you more stealthy.
Missiles
 d - 3 throwing nets (quivered)
 e - a javelin
Armour
 c - a +0 helmet (worn)
 r - a +0 ring mail (worn)
Wands
 f - a wand of quicksilver (8)
 t - a wand of roots (7)
Scrolls
 g - a scroll of amnesia {unknown}
 i - 2 scrolls of teleportation {unknown}
 k - a scroll of vulnerability {unknown}
 n - a scroll of magic mapping {unknown}
 q - 2 scrolls of poison {unknown}
Potions
 b - a potion of magic {unknown}
 h - 2 potions of attraction
 j - a potion of might
 m - a potion of haste {unknown}
 o - a potion of curing {unknown}
 p - a potion of mutation {unknown}
 s - a potion of resistance
 u - a potion of lignification {unknown}


   Skills:
 + Level 3.2 Fighting
 + Level 3.9 Maces & Flails
 + Level 3.3 Throwing
 + Level 3.2 Dodging


You had 5 spell levels left.
You didn't know any spells.
Your spell library contained the following spells:

 Spells                   Type           Power      Damage    Failure   Level
 Magic Dart               Conj           0%         1d3       56%         1
 Summon Small Mammal      Summ           0%         N/A       56%         1
 Call Imp                 Summ           0%         N/A       71%         2
 Call Canine Familiar     Summ           0%         N/A       90%         3
 Mephitic Cloud           Conj/Pois/Air  0%         N/A       90%         3
 Summon Guardian Golem    Hex/Summ       0%         N/A       90%         3
 Leda's Liquefaction      Hex/Erth       0%         N/A       100%        4
 Lee's Rapid Deconstruct  Erth           0%         3d4*      100%        5
 Statue Form              Tmut/Erth      0%         N/A       100%        6


Dungeon Overview and Level Annotations

Branches:
Dungeon (4/15)
 Temple: D:4-7

Altars:


Innate Abilities, Weirdness & Mutations

You are completely covered in rugged brown scales. (AC +3, +7% HP)
Armour fits poorly on your strangely shaped body.
You have a long armoured tail.
You roll when moving toward enemies. (Rampage)
Your long tongue fully drains potion bottles. (2x potion effects)
Your tongue gives you trouble enunciating. (1.5x scroll delay)


Message History

You feel your attacks grow feeble. The gnoll bouda closely misses you.
The gnoll barely misses you.
You hit the gnoll bouda. You burn the gnoll bouda.
You tail-slap the gnoll bouda.
The gnoll bouda is severely wounded.
The gnoll bouda hits you but does no damage.
The gnoll hits you with a +0 flail!
You hit the gnoll bouda but do no damage.
You tail-slap the gnoll bouda.
You kill the gnoll bouda!
The gnoll hits you with a +0 flail!
* * * LOW HITPOINT WARNING * * *
The gnoll attacks as you move away! The gnoll hits you with a +0 flail.
* * * LOW HITPOINT WARNING * * *
The gnoll attacks as you move away! The gnoll hits you but does no damage.
Your attacks no longer feel as feeble.
The gnoll is no longer moving quickly. x2
You barely miss the gnoll. The gnoll closely misses you.
You hit the gnoll. You burn the gnoll.
The gnoll is moderately wounded.
The gnoll closely misses you.
You closely miss the gnoll.
The gnoll is moderately wounded.
The gnoll closely misses you.
You hit the gnoll. You burn the gnoll.
You tail-slap the gnoll, but do no damage.
The gnoll is almost dead.
The gnoll closely misses you.
You completely miss the gnoll.
The gnoll is almost dead.
The gnoll hits you with a +0 whip.
* * * LOW HITPOINT WARNING * * *
The gnoll hits you with a +0 flail.
* * * LOW HITPOINT WARNING * * *
The gnoll hits you with a +0 whip.
* * * LOW HITPOINT WARNING * * *
You barely miss the gnoll.
Your tail-slap misses the gnoll.
The gnoll is almost dead.
The gnoll hits you with a +0 flail!
You die...

###### #....#
#....# #....#
####....#
##.g.....#
#..##g...#
##.##@g.###
#..#..###
......))##.##
###.######.#
#.# # ##.# ##
#. #..#
...#.# ##.##
...#..###..#


You could see 2 gnolls.

Vanquished Creatures
  An ogre (D:4)
  A gnoll bouda (D:4)
  2 iguanas
  5 gnolls
  4 adders
  2 dart slugs
  8 ball pythons
  5 bats
  7 endoplasms
  A giant cockroach (D:3)
  2 goblins
  2 hobgoblins (D:3)
  4 jackals (D:1)
  3 quokkas
  3 frilled lizards
  3 kobolds
  6 rats
59 creatures vanquished.

Notes
Turn   | Place    | Note
-------+----------+-------------------------------------------
     0 | D:1      | cforsyth the Armataur Gladiator began the quest for the
                  | Orb.
     0 | D:1      | Reached XP level 1. HP: 18/18 MP: 1/1
   314 | D:1      | Reached XP level 2. HP: 25/25 MP: 2/2
   799 | D:2      | Identified the +3 spear of Eternal Vigilance {flame, rElec
                  | Stlth+}
   884 | D:2      | Reached XP level 3. HP: 31/31 MP: 3/3
  1527 | D:3      | Reached XP level 4. HP: 39/39 MP: 4/4
  1926 | D:3      | Found a faded altar of an unknown god.
  2247 | D:4      | Reached XP level 5. HP: 44/44 MP: 5/5
  2304 | D:4      | Noticed an ogre
  2312 | D:4      | Killed an ogre
  2500 | D:4      | Reached XP level 6. HP: 49/54 MP: 6/6
  2517 | D:4      | Slain by a gnoll

Illustrated notes

Levels and vault maps discovered:
D:1:      co_arrival_two_rings, layout_loops_ring, serial_bayou_pond_d,
          minmay_misc_feat_nine_boxes
D:2:      layout_loops_ring, kennysheep_generic_room_2
D:3:      layout_loops_ring, hellmonk_ecumenical_altar_inner_sanctum,
          minmay_misc_feat_tower
D:4:      layout_rooms, nemelex_spade_bored_becter, serial_shops, shop_fountains

Skill      XL: |  1  2  3  4  5 |
---------------+----------------+-----
Fighting       | 2 3 |  3.2
Throwing       | 2 3 |  3.3
Maces & Flails | 3 |  3.9
Dodging        | 3 |  3.2

Action                   |  1- 3 |  4- 6 || total
-------------------------+-------+-------++-------
Melee: Flail             |    45 |       ||    45
       Tailslap          |     4 |     8 ||    12
       Spear             |    47 |    66 ||   113
       Punch             |     1 |       ||     1
  Use: Scroll            |       |     3 ||     3
 Stab: Sleeping          |     3 |     1 ||     4
Armor: Leather armour    |    47 |       ||    47
       Ring mail         |       |    11 ||    11
Dodge: Dodged            |    41 |    23 ||    64

Table legend: (Time is in decaauts)
 A = Elapsed time spent in this place.
 B = Non-inter-level travel time spent in this place.
 C = Inter-level travel time spent in this place.
 D = Time resting spent in this place.
 E = Time spent auto-exploring this place.
 F = Levels seen in this place.
 G = Mean time per level.
                   A        B        C        D        E       F      G
               +--------+--------+--------+--------+--------+-----+--------+
         Total |   2540 |   2461 |     79 |      0 |   2054 |   4 |  635.0 |
       Dungeon |   2540 |   2461 |     79 |      0 |   2054 |   4 |  635.0 |
               +--------+--------+--------+--------+--------+-----+--------+

Top non-repeatable levels by time:
     D:3: 819 daAuts
     D:1: 775 daAuts
     D:2: 656 daAuts
     D:4: 288 daAuts
